 Dungeon Crawl Stone Soup version 0.22.1-1-ga44c0e5 (webtiles) character file.

121 Anon1729 the Charlatan (level 4, 0/21 HPs)
             Began as a Spriggan Artificer on Oct 6, 2018.
             Slain by a worm (12 damage)
             ... on level 2 of the Dungeon.
             The game lasted 00:05:56 (2253 turns).

Anon1729 the Charlatan (Spriggan Artificer)         Turns: 2253, Time: 00:05:57

Health: 0/21       AC:  2    Str:  8    XL:     4   Next: 77%
Magic:  8/8        EV: 18    Int: 11    God:
Gold:   96         SH:  0    Dex: 16    Spells: 3/3 levels left

rFire    . . .     SeeInvis +   a - +0 short sword
rCold    . . .     Gourm    .   (shield restricted)
rNeg     . . .     Faith    .   b - +0 robe
rPois    .         Spirit   .   (helmet restricted)
rElec    .         Reflect  .   (no cloak)
rCorr    .         Harm     .   (gloves unavailable)
MR       .....                  (boots unavailable)
Stlth    +++.......             (no amulet)
HPRegen  0.07/turn              n - ring of wizardry (curse)
MPRegen  0.11/turn              o - -2 ring of intelligence (curse)

@: very quick
A: very small, unfitting armour, see invisible, herbivore, speed 3, slow
metabolism 2
a: no special abilities


You were on level 2 of the Dungeon.
You were not hungry.

You visited 1 branch of the dungeon, and saw 3 of its levels.

You collected 96 gold pieces.

Inventory:

Hand Weapons
 a - a +0 short sword (weapon)
Armour
 b - a +0 robe (worn)
Jewellery
 n - a cursed ring of wizardry (left hand)
 o - a cursed -2 ring of intelligence (right hand)
Wands
 c - a wand of flame (1)
 d - a wand of enslavement (12)
 e - a wand of random effects (12)
Scrolls
 g - 4 scrolls of identify {unknown}
 h - 3 scrolls of random uselessness {unknown}
 k - 3 scrolls of remove curse {unknown}
 l - 2 scrolls of teleportation {unknown}
Potions
 i - a potion of magic {unknown}
 j - a potion of heal wounds {unknown}
 m - a potion of lignification {unknown}
Comestibles
 f - 5 rations


   Skills:
 - Level 0.7 Fighting
 + Level 3.0 Short Blades
 - Level 3.0 Dodging
 + Level 4.4 Stealth
 + Level 5.3 Evocations


You had 3 spell levels left.
You didn't know any spells.
Your spell library was empty.

Dungeon Overview and Level Annotations

Branches:
Dungeon (3/15)

Altars:
Cheibriados
Xom


Innate Abilities, Weirdness & Mutations

You are very small and have problems with some larger weapons.
You are too small for most types of armour.
You have supernaturally acute eyesight. (SInv)
You are a herbivore.
You cover ground extremely quickly.
You need to consume almost no food.


Message History

Found a scale mail.
You now have 96 gold pieces (gained 11).
The worm completely misses you.
You hit the worm but do no damage. You hit the worm but do no damage.
The worm misses you.
You hit the worm.
The worm is lightly wounded.
You hit the worm.
The worm is lightly wounded.
The worm completely misses you.
You barely miss the worm.
The worm is lightly wounded.
You hit the worm.
The worm is moderately wounded.
The worm bites you!
You barely miss the worm.
The worm is moderately wounded.
The worm bites you!
Ouch! That really hurt!
You die...

#### ####### .###
...####
#.....###...
##....#
#.....#...# ####.#
#.....#.#.#
#####.#
###.........####
#.....#
#...............
..#####
#.#......#......
### #
#......#..... .
#####@.# ....
...#...w##.#...
(..........#...
#### .........###
...# .........#
##.# .........#
##.# ........##
.†.# ####...#....#
...###.†...####.##


You could see a worm.

Vanquished Creatures
  An orc wizard (D:3)
  2 gnolls
  3 adders
  5 orcs (D:3)
  A giant cockroach (D:1)
  2 goblins
  A hobgoblin (D:2)
  5 jackals
  4 kobolds
  4 bats
  A frilled lizard (D:2)
  2 rats
31 creatures vanquished.

Vanquished Creatures (collateral kills)
  4 gnolls
  A leopard gecko (D:2)
  A goblin (D:2)
6 creatures vanquished.

Vanquished Creatures (others)
  A gnoll (D:3)
1 creature vanquished.

Grand Total: 38 creatures vanquished

Notes
Turn   | Place    | Note
-------+----------+-------------------------------------------
     0 | D:1      | Anon1729 the Spriggan Artificer began the quest for the
                  | Orb.
     0 | D:1      | Reached XP level 1. HP: 9/9 MP: 4/4
   542 | D:1      | You fall through a shaft!
   804 | D:1      | Reached XP level 2. HP: 14/14 MP: 6/6
   960 | D:2      | Reached XP level 3. HP: 14/17 MP: 7/7
  1655 | D:3      | Reached XP level 4. HP: 6/21 MP: 8/8
  1889 | D:3      | Found a snail-covered altar of Cheibriados.
  2000 | D:3      | Reached skill level 5 in Evocations
  2010 | D:3      | Found a shimmering altar of Xom.
  2253 | D:2      | Slain by a worm

Skill      XL: |  1  2  3  4 |
---------------+-------------+-----
Stealth        | 2 3 4 |  4.4
Short Blades   | 2 3 |  3.0
Evocations     | 5 |  5.3
Fighting       | |  0.7
Dodging        | |  3.0

Action                   |  1- 3 |  4- 6 || total
-------------------------+-------+-------++-------
Melee: Short sword       |    71 |    41 ||   112
Evoke: Wand              |    15 |     5 ||    20
  Use: Potion            |     1 |       ||     1
 Stab: Sleeping          |     2 |     1 ||     3
       Paralysed         |       |     1 ||     1
Armor: Robe              |    11 |     1 ||    12
Dodge: Dodged            |    77 |    26 ||   103
